 Dungeon Crawl Stone Soup version 0.26-a0-652-gafc20e3620 (webtiles) character file.

Game seed: 13459729415448200813

412 timneilson the Slasher (level 6, -5/47 HPs)
             Began as a Demonspawn Gladiator on Oct 4, 2020.
             Slain by Pikel
             ... wielding a +2 whip of electrocution
              (6 damage)
             ... on level 4 of the Dungeon.
             The game lasted 00:05:04 (3266 turns).

timneilson the Slasher (Demonspawn Gladiator)       Turns: 3266, Time: 00:05:04

Health: -5/47      AC:  8    Str: 17    XL:     6   Next: 59%
Magic:  6/6        EV: 11    Int:  9    God:
Gold:   181        SH:  0    Dex: 14    Spells: 5/5 levels left

rFire    . . .     SeeInvis .   e - +2 falchion (elec)
rCold    . . .     Faith    .   (no shield)
rNeg     . . .     Spirit   .   f - +0 scale mail
rPois    .         Reflect  .   (helmet restricted)
rElec    .         Harm     .   (no cloak)
rCorr    .         Rampage  .   (no gloves)
MR       .....                  i - +0 pair of boots
Stlth    ..........             (no amulet)
HPRegen  0.15/turn              (no ring)
MPRegen  0.10/turn              (no ring)

@: no status effects
A: claws 1, horns 2
a: no special abilities


You were on level 4 of the Dungeon.
You visited 1 branch of the dungeon, and saw 4 of its levels.

You collected 181 gold pieces.

Inventory:

Hand Weapons
 a - a +0 long sword
 e - a +2 falchion of electrocution (weapon)
Armour
 f - a +0 scale mail (worn)
 i - a +0 pair of boots (worn)
Scrolls
 c - a scroll of teleportation {unknown}
 d - 2 scrolls of magic mapping
 j - 3 scrolls of remove curse
Potions
 b - a potion of invisibility {unknown}
 g - 2 potions of heal wounds {unknown}
 h - a potion of lignification {unknown}
 k - 2 potions of curing {unknown}
 l - a potion of haste {unknown}
 o - a potion of mutation {unknown}


   Skills:
 + Level 3.4 Fighting
 * Level 4.4 Long Blades
 - Level 1.7 Throwing
 * Level 3.4 Armour
 + Level 3.6 Dodging


You had 5 spell levels left.
You didn't know any spells.
Your spell library was empty.

Dungeon Overview and Level Annotations

Branches:
Dungeon (4/15)
 Temple: D:4-7

Altars:

Annotations:
D:4 Pikel


Innate Abilities, Weirdness & Mutations

You have sharp fingernails.
You have a pair of horns on your head.


Message History

* * * LOW HITPOINT WARNING * * *
You barely miss Pikel.
Pikel is heavily wounded.
The lemure hits you.
* * * LOW HITPOINT WARNING * * *
Pikel misses you.
You riposte.
You hit Pikel.
Pikel is severely wounded.
Unknown command.
You hit Pikel. You headbutt Pikel.
Pikel is almost dead.
The lemure hits you.
* * * LOW HITPOINT WARNING * * *
Pikel hits you but does no damage.
Unknown command.
You hit Pikel but do no damage.
Pikel is almost dead.
The lemure hits you.
* * * LOW HITPOINT WARNING * * *
Pikel hits you with a +2 whip of electrocution.
You die...

.. .. .. #. #( .# #.
#5 #.# .#..<#K####.#
......5@.##.#
######.#.##.#
...#.##.#
#####.##.###.# ##
#........# ..
#########.###### #.
##.#................
.
.........###.#######
# ...#.###.###.#


You could see Pikel and 2 lemures.

Vanquished Creatures
  Eustachio (D:4)
  2 lemures (D:4)
  An orc priest (D:4)
  2 worker ants (D:4)
  Robin (D:2)
  4 gnolls (D:3)
  3 adders
  An ooze (D:2)
  A worm (D:2)
  A dart slug (D:2)
  5 leopard geckos
  11 orcs
  7 giant cockroaches
  9 goblins
  10 hobgoblins
  13 jackals
  8 kobolds
  A quokka (D:3)
  4 ball pythons
  3 bats (D:1)
  2 frilled lizards (D:1)
  A leopard gecko skeleton (D:4)
  7 rats
98 creatures vanquished.

Notes
Turn   | Place    | Note
-------+----------+-------------------------------------------
     0 | D:1      | timneilson the Demonspawn Gladiator began the quest for the
                  | Orb.
     0 | D:1      | Reached XP level 1. HP: 16/16 MP: 1/1
   115 | D:1      | Gained mutation: You have sharp fingernails. [demonic
                  | ancestry]
   115 | D:1      | Reached XP level 2. HP: 20/22 MP: 2/2
   194 | D:1      | Reached skill level 3 in Long Blades
   288 | D:1      | Reached skill level 1 in Armour
   357 | D:1      | Gained mutation: You have a pair of small horns on your
                  | head. [demonic ancestry]
   357 | D:1      | Reached XP level 3. HP: 8/28 MP: 3/3
  1394 | D:2      | Noticed Robin
  1409 | D:2      | Killed Robin
  1409 | D:2      | Reached XP level 4. HP: 11/34 MP: 4/4
  2319 | D:3      | Gained mutation: You have a pair of horns on your head.
                  | [demonic ancestry]
  2319 | D:3      | Reached XP level 5. HP: 21/40 MP: 5/5
  2632 | D:4      | Noticed Eustachio
  2643 | D:4      | Killed Eustachio
  2643 | D:4      | Reached skill level 4 in Long Blades
  2643 | D:4      | Reached XP level 6. HP: 47/47 MP: 6/6
  3049 | D:4      | Noticed Pikel
  3266 | D:4      | HP: 1/47 [lemure[Pikel] (4)]
  3266 | D:4      | Slain by Pikel

Illustrated notes

Levels and vault maps discovered:
D:1:      lightli_iron_boxes, layout_basic
D:2:      layout_loops_cross, uniq_robin
D:3:      layout_rooms
D:4:      layout_basic, uniq_crazy_yiuf_cottage, uniq_pikel, uniq_eustachio

Skill      XL: |  1  2  3  4  5 |
---------------+----------------+-----
Long Blades    | 3 4 |  4.4
Armour         | 1 2 3 |  3.4
Dodging        | 3 |  3.6
Fighting       | 3 |  3.4
Throwing       | |  1.7

Action                   |  1- 3 |  4- 6 || total
-------------------------+-------+-------++-------
Melee: Long sword        |   125 |   129 ||   254
       Headbutt          |     9 |    35 ||    44
       Falchion          |       |    34 ||    34
  Use: Scroll            |     3 |     4 ||     7
       Potion            |     1 |     2 ||     3
Armor: Scale mail        |    64 |    60 ||   124
Dodge: Dodged            |    78 |   103 ||   181
       Rpst.: Long sword |    24 |    27 ||    51
       Falchion          |       |     3 ||     3

Table legend: (Time is in decaauts)
 A = Elapsed time spent in this place.
 B = Non-inter-level travel time spent in this place.
 C = Inter-level travel time spent in this place.
 D = Time resting spent in this place.
 E = Time spent auto-exploring this place.
 F = Levels seen in this place.
 G = Mean time per level.
                   A        B        C        D        E       F      G
               +--------+--------+--------+--------+--------+-----+--------+
         Total |   3351 |   3267 |     84 |    471 |   2163 |   4 |  837.8 |
       Dungeon |   3351 |   3267 |     84 |    471 |   2163 |   4 |  837.8 |
               +--------+--------+--------+--------+--------+-----+--------+

Top non-repeatable levels by time:
     D:1: 1253 daAuts
     D:2: 934 daAuts
     D:4: 663 daAuts
     D:3: 500 daAuts
